 Dungeon Crawl Stone Soup version 0.29.0-4-gdea44cf6ec (webtiles) character file.

Game seed: 8510223767728662093

1 qw the Sneak (level 1, 0/14 HPs)
             Began as a Gargoyle Delver on Sept 10, 2022.
             Slain by an orc
             ... wielding a +0 short sword
              (3 damage)
             ... on level 4 of the Dungeon.
             The game lasted 00:00:03 (54 turns).

qw the Sneak (Gargoyle Delver)                        Turns: 54, Time: 00:00:03

Health: 0/14       AC:  5    Str: 15    XL:     1   Next: 20%
Magic:  1/1        EV:  8    Int: 10    God:
Gold:   0          SH:  0    Dex: 11    Spells: 0/0 levels left

rFire   . . .      SeeInvis .   Y - +0 hand axe
rCold   . . .      Faith    .   (no shield)
rNeg    + . .      Spirit   .   b - +0 leather armour
rPois   inf        Reflect  .   (no helmet)
rElec   +          Harm     .   (no cloak)
rCorr   .          Rampage  .   (no gloves)
Will    .....                   (no boots)
Stlth   +++.......              (no amulet)
HPRegen 0.04/turn               (no ring)
MPRegen 0.07/turn               (no ring)

@: constricted
A: sickness immunity, AC +2, negative energy resistance 1, electricity
resistance, torment resistance 1, petrification resistance
a: no special abilities


You were on level 4 of the Dungeon.
You visited 1 branch of the dungeon, and saw 2 of its levels.


Innate Abilities, Weirdness & Mutations

You are immune to sickness and miasma.
Your stone body is resilient. (AC +2)
You are immune to poison.
You resist negative energy. (rN+)
You are resistant to electric shocks. (rElec)
You are resistant to unholy torment.
You are immune to petrification.


   Skills:
 - Level 3.2 Fighting
 + Level 1.9 Axes
 - Level 1.5 Dodging
 - Level 5.4 Stealth


You couldn't memorise any spells.
You didn't know any spells.
Your spell library was empty.

Inventory:

Hand Weapons
 Y - a +0 hand axe (weapon)
Armour
 b - a +0 leather armour (worn)
Wands
 g - a wand of digging (3)
Potions
 f - a potion of haste

Dungeon Overview and Level Annotations

Branches:
Dungeon (5/15)
 Temple: D:4-7

Altars:


Message History

Enter note: A dart slug and a giant cockroach come into view.
Found a sapphire potion.
An endoplasm comes into view.
The dart slug launches a dart at you.
The slug dart hits you but does no damage.
The orc throws a silver boomerang.
The silver boomerang hits you.
The orc shouts! x2; The ball python hisses angrily.
You hit the orc priest.
The orc priest is lightly wounded.
The orc priest barely misses you.
You closely miss the orc priest.
The orc priest is lightly wounded.
You barely miss the goblin. The goblin closely misses you.
The orc priest barely misses you.
You closely miss the orc priest.
The orc priest is lightly wounded.
You hit the goblin but do no damage. You closely miss the orc.
You closely miss the giant cockroach.
The endoplasm quivers.
The giant cockroach closely misses you. The goblin barely misses you.
The orc closely misses you.
The giant cockroach bites you but does no damage.
You barely miss the giant cockroach.
You hit the ball python but do no damage.
You barely miss the orc. You hit the goblin but do no damage.
You hit the orc but do no damage. The ball python bites you.
The ball python barely misses you. The orc hits you with a +0 short sword.
The goblin hits you but does no damage.
The giant cockroach completely misses you.
The ball python bites you. The ball python grabs you.
The ball python constricts you.
You barely miss the ball python. You hit the orc but do no damage.
You hit the goblin.
You kill the goblin!
You barely miss the orc. You closely miss the giant cockroach.
The orc closely misses you. The orc barely misses you.
The giant cockroach bites you. The ball python barely misses you.
The ball python constricts you. The orc hits you with a +0 short sword.
You die...

##............
##.............#
##...............
#...............#
................#
.!.....o........#
#....Boo........
#...o@S....?.#
##..w.w>.....#
.......#......##
.##......#.#..#
###J##.........
#. ##........ #.
........ #.
...... . ......


You could see an orc priest, 2 dart slugs, 3 orcs, an endoplasm, a giant
cockroach and a ball python.

Vanquished Creatures
  A goblin (D:4)
  A jackal (D:5)
2 creatures vanquished.

Notes
Turn   | Place    | Note
-------+----------+-------------------------------------------
     0 | D:5      | qw the Gargoyle Delver began the quest for the Orb.
     0 | D:5      | Reached XP level 1. HP: 14/14 MP: 1/1
     0 | D:5      | 0 ||| qw: Version: 0.1-a-116-g5d60599
     0 | D:5      | 0 ||| qw: Game counter: 8901
     0 | D:5      | 0 ||| qw: Always use a shield: true
     0 | D:5      | 0 ||| qw: God list: Okawaru
     0 | D:5      | 0 ||| qw: Allow faded altars: false
     0 | D:5      | 0 ||| qw: Do Orc after D:15 true
     0 | D:5      | 0 ||| qw: Do second Lair branch before Depths: true
     0 | D:5      | 0 ||| qw: Lair rune preference: random
     0 | D:5      | 0 ||| qw: Plans: Normal
     0 | D:5      | 0 ||| PLANNING D:1-11
    21 | D:5      | 21 ||| READING scroll labelled NUOGEI FUCO.
    22 | D:5      | 22 ||| DROPPING scroll of fog.
    23 | D:5      | 23 ||| DROPPING scroll of magic mapping.
    24 | D:5      | 24 ||| DROPPING scroll of fear.
    32 | D:5      | 32 ||| Stepping ~*~*~tactically~*~*~ (stealth).
    33 | D:5      | 33 ||| Stepping ~*~*~tactically~*~*~ (stealth).
    36 | D:5      | 36 ||| Stepping ~*~*~tactically~*~*~ (stealth).
    44 | D:5      | 44 ||| FLEEEEING.
    45 | D:5      | 45 ||| FLEEEEING.
    46 | D:5      | 46 ||| STAIRDANCE
    47 | D:4      | Noticed an orc priest
    54 | D:4      | HP: 3/14 [giant cockroach (1)]
    54 | D:4      | Slain by an orc

Levels and vault maps discovered:
D:4:      layout_rooms
D:5:      minmay_goblin_kobold_castle, layout_cave_pods, lightli_corner_chamber

Action                   || total
-------------------------++-------
Melee: Hand axe          ||     8
  Use: Scroll            ||     1
Armor: Leather armour    ||     4
Dodge: Dodged            ||    12

Table legend:
 A = Non-vault XP
 B = Vault XP
 C = Vault XP percentage of total XP
 D = Non-vault monster count
 E = Vault monster count
 F = Vault count percentage of total count
                 A         B        C        D         E       F
            +---------+---------+-------+---------+---------+-------
      Total |       4 |       0 |   0.0 |       2 |       0 |   0.0
            +---------+---------+-------+---------+---------+-------
        D:4 |       2 |       0 |   0.0 |       1 |       0 |   0.0
        D:5 |       2 |       0 |   0.0 |       1 |       0 |   0.0
            +---------+---------+-------+---------+---------+-------
